 Dungeon Crawl Stone Soup version 0.31-a0-876-gfe8ebadbca (webtiles) character file.

Game seed: 1723508727374006461

1676558 Flugkiller the Slayer (level 24, 168/168 HPs)
             Began as a Deep Elf Fighter on Oct 13, 2023.
             Was an Elder of Okawaru.
             Escaped with the Orb
             ... and 3 runes!
             The game lasted 01:46:59 (63767 turns).

Flugkiller the Slayer (Deep Elf Fighter)           Turns: 63767, Time: 01:47:00

Health: 168/168    AC: 45    Str: 13      XL:     24   Next: 53%
Magic:  27/27      EV: 19    Int: 27 (29) God:    Okawaru [****..]
Gold:   3184       SH: 31    Dex: 17      Spells: 43/43 levels left

rFire   + . .        B - +8 autumn katana {manifold assault}
rCold   . . .        a - +9 tower shield "Ahuvief" {Contam rElec rF+ Dex+2}
rNeg    + + +        P - +18 Lear's hauberk
rPois   +            (helmet currently unavailable)
rElec   +            M - +2 cloak {Will+}
rCorr   +            (gloves currently unavailable)
SInv    .            (boots currently unavailable)
Will    +++..        p - amulet "Duwnucry" {Spirit rPois rN+++ rCorr Str-3}
Stlth   x              - ring "Ycsidghe" {EV+5 Str+4 Int+7}
HPRegen 0.48/turn    v - ring of the Tortoise {AC+8}
MPRegen 0.20/turn

%: random rage (3%), guardian spirit
@: studying 2 skills
A: iridescent scales 1, berserk 1, clever 1, clumsy 2, deterioration 2, low MP
3, shaggy fur 1, weak 1, subdued magic 1, inability to read after injury 1
0: Orb of Zot
}: 3/15 runes: barnacled, slimy, gossamer
a: Renounce Religion, Heroism, Finesse


You escaped.
You worshipped Okawaru.
Okawaru was greatly pleased with you.
You visited 10 branches of the dungeon, and saw 49 of its levels.

You collected 5391 gold pieces.
You spent 2207 gold pieces at shops.

Inventory:

Hand Weapons
 r - the +8 double sword "Codoqicu" {heavy, rC+ Stlth+}
   (You found it on level 5 of the Pits of Slime)

   rC+:       It protects you from cold.
   Stlth+:    It makes you more stealthy.
 B - the +8 autumn katana (weapon) {manifold assault}
   (You found it on level 1 of the Lair of Beasts)
Missiles
 G - 16 curare-tipped darts
 Y - 9 throwing nets (quivered)
Armour
 a - the +9 tower shield "Ahuvief" (worn) {Contam rElec rF+ Dex+2}
   (Okawaru gifted it to you on level 5 of the Lair of Beasts)

   Dex+2:     It affects your dexterity (+2).
   rF+:       It protects you from fire.
   rElec:     It insulates you from electricity.
   Contam:    It causes magical contamination when unequipped.
 M - a +2 cloak of willpower (worn)
   (You took it off a draconian knight on level 1 of the Realm of Zot)
 P - the +18 Lear's hauberk (worn)
   (You found it on level 14 of the Dungeon)
Jewellery
 b - a ring of positive energy
   (You found it on level 5 of the Dungeon)
 f - a ring of protection from fire
   (You found it on level 9 of the Dungeon)
 i - a ring of see invisible
   (You took it off a boggart on level 1 of the Vaults)
 m - a ring of willpower
   (You found it on level 2 of the Depths)
 p - the amulet "Duwnucry" (around neck) {Spirit rPois rN+++ rCorr Str-3}
   (You bought it in a shop on level 1 of the Vaults)

   [amulet of guardian spirit]

   Spirit:    It causes incoming damage to be divided between your reserves of
   health and magic.
   Str-3:     It affects your strength (-3).
   rPois:     It protects you from poison rN+++: It renders you almost immune to
   negative energy.
   rCorr:     It protects you from acid and corrosion.
 v - the ring of the Tortoise (right hand) {AC+8}
   (You found it on level 2 of the Depths)

   [ring of protection]

   AC+8:      It affects your AC (+8).
 x - the ring "Ycsidghe" (left hand) {EV+5 Str+4 Int+7}
   (You found it on level 2 of the Depths)

   [ring of evasion]

   EV+5:      It affects your evasion (+5).
   Str+4:     It affects your strength (+4).
   Int+7:     It affects your intelligence (+7).
 D - the ring of the Komtur {Will+ EV+5 Str+3 Int-5}
   (You acquired it on level 9 of the Dungeon)

   [ring of evasion]

   EV+5:      It affects your evasion (+5).
   Str+3:     It affects your strength (+3).
   Int-5:     It affects your intelligence (-5).
   Will+:     It increases your willpower.
 E - the ring "Pacw" {Ice rElec rPois Dex-5}
   (You found it on level 2 of the Depths)

   [ring of ice]

   Ice:       It enhances your ice magic.
   Dex-5:     It affects your dexterity (-5).
   rF-:       It makes you vulnerable to fire.
   rC+:       It protects you from cold.
   rElec:     It insulates you from electricity.
   rPois:     It protects you from poison
Wands
 g - a wand of flame (52)
   (You found it on level 4 of the Dungeon)
 l - a wand of digging (2)
   (You found it on level 13 of the Dungeon)
 u - a wand of mindburst (19)
   (You took it off a vampire on level 11 of the Dungeon)
 T - a wand of acid (2)
   (You found it on level 4 of the Vaults)
 V - a wand of iceblast (18)
   (You found it on level 2 of the Spider Nest)
Scrolls
 c - 2 scrolls of poison
 s - 4 scrolls of immolation
 t - 5 scrolls of teleportation
 I - 2 scrolls of fog
 K - 5 scrolls of vulnerability
 Q - a scroll of fear
 U - 3 scrolls of enchant armour
Potions
 e - 5 potions of brilliance
 h - a potion of haste
 j - 6 potions of enlightenment
 q - 2 potions of curing
 C - a potion of cancellation
 F - a potion of invisibility
 H - 9 potions of attraction
 J - 3 potions of magic
 N - a potion of berserk rage
 S - a potion of ambrosia
 W - 2 potions of mutation
 X - 6 potions of lignification
Miscellaneous
 L - a phial of floods
   (You found it on level 5 of the Lair of Beasts)


   Skills:
 + Level 21.9 Fighting
 - Level 16.0 Long Blades
 - Level 14.0 Armour
 - Level 20.0 Dodging
 - Level 20.0 Shields
 - Level 10.0 Spellcasting
 - Level 12.0 Invocations
 - Level 3.0 Evocations


You had 43 spell levels left.
You didn't know any spells.
Your spell library contained the following spells:

 Spells                   Type           Power      Damage    Failure   Level
 Apportation              Tloc           20%        N/A       61%         1
 Freeze                   Ice            40%        1d6       61%         1
 Sandblast                Erth           20%        2d7       61%         1
 Slow                     Hex            40%        N/A       61%         1
 Sting                    Tmut/Pois      40%        1d5       61%         1
 Cigotuvi's Dreadful Rot  Necr/Pois/Air  20%        N/A       75%         2
 Ensorcelled Hibernation  Hex/Ice        20%        N/A       75%         2
 Jinxbite                 Hex            20%        N/A       75%         2
 Passwall                 Tmut/Erth      8%         N/A       75%         2
 Poisonous Vapours        Pois/Air       20%        N/A       75%         2
 Scorch                   Fire           20%        2d5       75%         2
 Searing Ray              Conj           20%        2d5       75%         2
 Static Discharge         Conj/Air       20%        2-3/arc   75%         2
 Sublimation of Blood     Necr           10%        N/A       75%         2
 Wereblood                Tmut           10%        N/A       75%         2
 Confusing Touch          Hex            10%        N/A       93%         3
 Frozen Ramparts          Ice            20%        1d4       93%         3
 Hailstorm                Conj/Ice       10%        3d5       93%         3
 Ignite Poison            Fire/Tmut/Pois 10%        N/A       93%         3
 Inner Flame              Hex/Fire       10%        N/A       93%         3
 Mephitic Cloud           Conj/Pois/Air  10%        N/A       93%         3
 Ozocubu's Armour         Ice            10%        N/A       93%         3
 Sigil of Binding         Hex            10%        N/A       93%         3
 Stone Arrow              Conj/Erth      20%        3d8       93%         3
 Vampiric Draining        Necr           10%        2d6       93%         3
 Airstrike                Air            5%         2d(1-17)  100%        4
 Anguish                  Hex/Necr       5%         N/A       100%        4
 Brom's Barrelling Bould  Conj/Erth      10%        2d3       100%        4
 Cause Fear               Hex            5%         N/A       100%        4
 Dimensional Bullseye     Hex/Tloc       5%         N/A       100%        4
 Dispel Undead            Necr           10%        3d9       100%        4
 Flame Wave               Conj/Fire      10%        2d6       100%        4
 Fulminant Prism          Conj/Hex       5%         3d7       100%        4
 Iskenderun's Mystic Bla  Conj/Tloc      10%        2d4       100%        4
 Olgreb's Toxic Radiance  Pois           10%        N/A       100%        4
 Petrify                  Tmut/Erth      10%        N/A       100%        4
 Sticky Flame             Conj/Fire      10%        2d3       100%        4
 Vhi's Electric Charge    Tloc/Air       20%        N/A       100%        4
 Alistair's Intoxication  Tmut/Pois      6%         N/A       100%        5
 Arcjolt                  Conj/Air       5%         1d15      100%        5
 Borgnjor's Vile Clutch   Necr/Erth      5%         N/A       100%        5
 Freezing Cloud           Conj/Ice/Air   5%         6-21      100%        5
 Metabolic Englaciation   Hex/Ice        5%         N/A       100%        5
 Yara's Violent Unravell  Hex/Tmut       5%         3d4       100%        5
 Dispersal                Tloc           5%         N/A       100%        6
 Eringya's Noxious Bog    Tmut/Pois      5%         4d6       100%        6
 Plasma Beam              Fire/Air       5%         2x1d15    100%        6
 Enfeeble                 Hex            5%         N/A       100%        7
 Ozocubu's Refrigeration  Ice            5%         4d8       100%        7
 Borgnjor's Revivificati  Necr           5%         N/A       100%        8
 Ignition                 Fire           5%         3d4       100%        8
 Lehudib's Crystal Spear  Conj/Erth      5%         10d3      100%        8
 Maxwell's Capacitive Co  Air            5%         ∞         100%        8
 Chain Lightning          Conj/Air       5%         3d6       100%        9
 Death's Door             Necr           5%         N/A       100%        9
 Polar Vortex             Ice            5%         N/A       100%        9
 Tukima's Dance           Hex            Unusable   N/A       N/A         3
 Animate Dead             Necr           Unusable   N/A       N/A         4
 Summon Lightning Spire   Summ/Air       Unusable   N/A       N/A         4
 Death Channel            Necr           Unusable   N/A       N/A         6
 Summon Cactus Giant      Summ           Unusable   N/A       N/A         6
 Haunt                    Necr/Summ      Unusable   N/A       N/A         7
 Summon Hydra             Summ           Unusable   N/A       N/A         7

Dungeon Overview and Level Annotations

Branches:
Dungeon (15/15)            Temple (1/1) D:5            Lair (5/5) D:11
 Shoals (4/4) Lair:3       Spider (4/4) Lair:2        Slime (5/5) Lair:5
    Orc (2/2) D:11            Elf (0/3) Orc:2        Vaults (4/5) D:14
  Crypt (0/3) Vaults:3     Depths (4/4) D:15            Zot (5/5) Depths:4

Altars:
Ashenzari
Cheibriados
Dithmenos
Elyvilon
Fedhas
Gozag
Hepliaklqana
Kikubaaqudgha
Makhleb
Nemelex Xobeh
Okawaru
Qazlal
Ru
Sif Muna
Trog
Uskayaw
Vehumet
Wu Jian
Xom
Yredelemnul
Zin
The Shining One

Shops:
D:11 [   D:15 *   Orc:1 =   Orc:2 *([*:   Vaults:1 (=

Portals:
Hell: Depths:1 Depths:2 Depths:3 Depths:4
Abyss: Depths:3 Depths:4
Pandemonium: Depths:2 Depths:4
Ziggurat: Depths:2

Annotations:
D:13 exclusions: manticore and skeletal warrior
Lair:2 exclusion: oklob plant
Lair:3 exclusion: skyshark
Spider:3 Mara
Orc:2 1 runed translucent door, disskorpion's ghost, journeyman VSGl
Vaults:4 1 transporter, Nizokhlo's ghost, veteran DrCj
Depths:1 3 runed translucent doors
Zot:4 exclusions: draconian scorcher and 3 draconian stormcallers


Innate Abilities, Weirdness & Mutations

You are partially covered in iridescent scales. (AC +2)
You sometimes lose your temper in combat.
Your mind is acute. (Int +4, Str/Dex -1)
You are very clumsy. (Dex -4)
Your body often deteriorates upon taking damage.
Your magical capacity is extremely low. (-30% MP)
You are covered in fur. (AC +1)
You are weak. (Str -2)
Your spells are a little easier to cast, but a little less powerful.
You occasionally lose the ability to read scrolls when taking damage.


Message History

There is a stone staircase leading up here.
You climb upwards.
There is a stone staircase leading down here.
There is an open door here.
A green death comes into view.
Unknown command.
The green death gestures at you.
The blast of poison engulfs you but does no damage.
You are poisoned.
You resist.
You slash the green death!
The green death is lightly wounded.
You feel very sick.
You completely miss the green death.
The green death is lightly wounded.
You feel sick. You block the green death's attack.
A red film seems to cover your vision as you go berserk!
You feel yourself moving faster!
You feel mighty!
You slice the green death!!
The green death is moderately wounded.
You feel sick. You block the green death's attack.
You slice the green death!!
The green death is severely wounded.
You feel sick.
You barely miss the green death.
The green death is severely wounded.
You feel sick.
The green death hits you but does no damage.
You barely miss the green death.
The green death is severely wounded.
You feel sick.
You slice the green death!!
You kill the green death!
Okawaru accepts your kill.
You feel sick.
No target in view!
You feel a strong urge to attack something.
You feel sick.
You feel sick.
You feel your anger nearly subside.
You are no longer berserk.
You are exhausted.
You feel yourself slow down.
You feel sick.
You feel sick.
You are no longer poisoned.
There is a stone staircase leading up here.
You start resting.
A sixfirhy comes into view.
A sixfirhy is nearby!
You block the sixfirhy's attack. You block the sixfirhy's attack.
The sixfirhy barely misses you. You block the sixfirhy's attack.
You slash the sixfirhy!
The sixfirhy is heavily wounded.
You slice the sixfirhy!!
The sixfirhy is almost dead.
You block the sixfirhy's attack. x2
You slash the sixfirhy!
You kill the sixfirhy!
Okawaru accepts your kill.
You start resting.
A red devil comes into view. It is wielding a +0 trident.
You feel yourself speed up. You block the red devil's attack.
You climb upwards.
There is a stone staircase leading down here.
What level of the Dungeon? (default 1, ? - help)
A sixfirhy comes into view.
You closely miss the sixfirhy. You block the sixfirhy's attack.
The sixfirhy closely misses you. You block the sixfirhy's attack.
You slash the sixfirhy!
The sixfirhy is moderately wounded.
You block the sixfirhy's attack. x2; The sixfirhy barely misses you.
You slash the sixfirhy!
The sixfirhy is heavily wounded.
The sixfirhy barely misses you.
You hit the sixfirhy but do no damage.
The sixfirhy is heavily wounded.
You slice the sixfirhy!!
You kill the sixfirhy!
Okawaru accepts your kill.
No target in view!
You recover from your berserk rage.
There is a stone staircase leading up here.
You climb upwards.
There is a stone staircase leading down here.
There is a stone staircase leading up here.
You climb upwards.
There is a stone staircase leading down here.
There is a stone staircase leading up here.
You climb upwards.
There is a stone staircase leading down here.
There is an open door here.
There is an open door here.
You see here a +0 long sword.
There is an open door here.
There is an open door here.
There is a staircase leading out of the dungeon here.
Unknown command.
Enter note: gg You have escaped!

#.....>...#
#~..~~P♣P~~P♣~
##.########
#~P♣~~.P.~~..~ #.#
#~P♣~~♣♣P~~♣P~ #)#
#~♣♣~~♣.P~~♣♣~ #.#
#~.♣~~P.P~~P♣~ #.#
#####~PP~~~~~~~♣♣~
#.#
#...#~♣♣~.....~P.~
#.#
#...#~~~~.###.~~~~
#.#
#@..'.....#§#.....
#.#
#...#~~~~.###.~~~~
#.#
#...#~♣P~.....~♣P~
#.#
#####~♣.~~~~~~~PP~
#.# #~♣P~~P♣P~~P♣~
#.# #~PP~~PP.~~♣P~
#.# #~♣♣~~P..~~.♣~
#.#
#####~♣♣~~PP♣~~♣P~
#.#
#...#~PP~~PPP~~.♣~


There were no monsters in sight!

Vanquished Creatures
  the Royal Jelly (Arena)
  5 dread liches (Zot:5)
  2 ancient liches (Zot:5)
  6 orbs of fire (Zot:5)
  2 juggernauts
  Josephina (Depths:4)
  Margery (Vaults:4)
  3 Killer Klowns (Zot:5)
  5 golden dragons
  5 caustic shrikes
  Arachne (Spider:3)
  2 electric golems
  A bone dragon (Depths:4)
  A Brimstone Fiend (Depths:2)
  7 tentacled monstrosities
  Rupert (Spider:1)
  2 liches
  A titan (Vaults:2)
  24 Orb Guardians
  3 quicksilver dragons
  A Hell Sentinel (Depths:4)
  3 sphinxes
  Frances (Arena)
  An Executioner (Depths:2)
  Polyphemus (Shoals:2)
  14 acid blobs
  7 death cobs
  A kraken (Shoals:1)
  5 shadow dragons
  An azure jelly (Slime:5)
  4 tengu reavers
  8 rockslimes
  11 draconian knights
  5 storm dragons
  Donald (Spider:3)
  Aizul (Shoals:1)
  6 draconian monks
  4 fire giants
  9 frost giants
  An iron dragon (Vaults:4)
  8 vault wardens
  6 draconian scorchers
  4 balrugs
  7 ghost moths
  3 emperor scorpions
  2 reapers (Depths:4)
  A cacodemon (Depths:2)
  2 war gargoyles (Vaults:4)
  5 draconian stormcallers
  4 orc warlords
  4 draconian shifters
  15 very ugly things
  15 ironbound preservers
  A quicksilver ooze (shapeshifter) (Depths:1)
  8 draconian annihilators
  3 formless jellyfish
  11 stone giants
  9 quicksilver oozes
  2 eleionomae (Shoals:3)
  23 black draconians
  A lorocyproca (Depths:4)
  16 green draconians
  5 dire elephants (Vaults:2)
  Nessos (D:12)
  2 broodmothers
  2 vampire knights
  4 ironbound thunderhulks
  9 yellow draconians
  10 red draconians
  14 white draconians
  7 deep elf demonologists (Depths:2)
  4 purple draconians
  7 spark wasps
  A minotaur (D:14)
  4 merfolk impalers
  5 merfolk javelineers
  The ghost of Mostiny the Grappler, a journeyman TrFi of Xom (Lair:1)
  10 yaktaur captains
  5 ettins
  A deep elf death mage (Vaults:3)
  3 green deaths
  8 entropy weavers
  A crystal guardian (Vaults:4)
  A rakshasa (Depths:2)
  6 ice dragons
  3 great orbs of eyes
  9 fire dragons
  A catoblepas (Shoals:2)
  4 ogre magi (Orc:1)
  3 peacekeepers
  3 hydras
  11 centaur warriors
  A merfolk avatar (Shoals:1)
  2 spriggan air magi
  5 vault guards
  8 boulder beetles
  4 ironbound frosthearts
  8 radroaches
  A dancing weapon (Lair:1)
  10 death yaks
  A death knight (D:14)
  2 merfolk aquamancers (Shoals:4)
  A jorogumo (Spider:3)
  2 two-headed ogres
  5 satyrs
  2 vampire magi
  2 alligator snapping turtles (Shoals:4)
  5 deep troll shamans
  12 tengu warriors
  5 deep troll earth magi
  8 demonic crawlers
  3 orc high priests (Orc:2)
  6 spriggan berserkers
  25 hell knights
  Sonja (Orc:1)
  A storm dragon zombie (Vaults:4)
  Nergalle (D:12)
  4 skeletal warriors (D:14)
  4 spriggans
  5 sun demons
  8 skysharks
  2 sixfirhies
  6 iron trolls
  A goliath frog (Lair:5)
  9 pharaoh ants
  A flayed ghost (Depths:2)
  11 sea snakes
  4 orb spiders
  A sun moth (Spider:4)
  46 deep trolls
  A shadow dragon zombie (Vaults:4)
  2 spriggan simulacra (Depths:4)
  8 lindwurms
  7 wizards
  6 necromancers
  3 glowing orange brains
  A kraken simulacrum (Shoals:4)
  2 deep elf pyromancers
  4 phantasmal warriors
  14 ironbound convokers
  A swamp dragon (shapeshifter) (Vaults:2)
  8 steelbarb worms
  7 orc sorcerers
  21 ugly things
  13 orc knights
  14 wolf spiders
  25 harpies
  6 cyclopes
  A faun (shapeshifter) (Depths:1)
  21 fauns
  4 shining eyes
  15 manticores
  2 human skeletons
  15 moths of wrath
  13 merfolk sirens
  17 elephants
  18 vault sentinels
  4 water nymphs
  A stone giant skeleton (Vaults:3)
  A gargoyle (D:10)
  A titan simulacrum (Depths:4)
  4 smoke demons
  4 black mambas
  3 torpor snails
  20 cane toads
  An eye of devastation (Slime:5)
  A rust devil (Depths:4)
  Psyche (D:12)
  3 unseen horrors
  4 rime drakes
  26 yaktaurs
  2 ice devils
  2 efreet (D:14)
  11 komodo dragons
  A tormentor (Depths:2)
  2 human zombies
  3 tengu conjurers
  A golden dragon simulacrum (Depths:4)
  A yaktaur skeleton (Vaults:1)
  An elf skeleton (Vaults:3)
  A freezing wraith (Vaults:4)
  8 trolls
  2 red devils
  29 merfolk
  15 meliai
  4 polar bears
  6 wind drakes
  17 tarantellas
  A tyrant leech (Lair:5)
  19 blink frogs
  9 hornets
  6 dream sheep
  16 snapping turtles
  111 slime creatures
  9 jumping spiders
  11 culicivoras
  27 yaks
  11 water elementals
  4 wyverns
  A basilisk (Lair:1)
  12 humans
  2 wraiths
  A centaur simulacrum (D:15)
  2 vampires (D:11)
  12 golden eyes
  Grum (D:11)
  46 redbacks
  12 vampire mosquitoes
  5 wargs
  3 neqoxecs (Depths:4)
  A steam dragon (D:10)
  2 acid dragons
  A swamp worm (shapeshifter) (Vaults:4)
  13 water moccasins
  2 floating eyes (Orc:1)
  A sky beast (D:7)
  33 orc warriors
  7 ogres
  5 boggarts (Vaults:1)
  12 wolves
  16 centaurs
  2 phantoms (D:6)
  A kobold brigand (D:7)
  19 bullfrogs
  An ogre simulacrum (Vaults:1)
  5 scorpions
  7 killer bees
  5 howler monkeys
  An electric eel (Lair:5)
  2 quasits (D:4)
  3 hounds
  9 orc priests
  2 sleepcaps
  2 gnoll boudas
  2 jellies
  20 orc wizards
  4 iguanas
  A hell rat (D:11)
  6 gnolls
  8 adders
  3 river rats (D:11)
  6 shadow imps
  4 white imps (D:4)
  2 ufetubi
  5 worms
  A dart slug (D:5)
  50 orcs
  4 ball pythons
  8 endoplasms
  8 giant cockroaches
  5 goblins
  8 hobgoblins
  8 jackals
  4 quokkas
  5 bats
  A frilled lizard (D:1)
  13 kobolds
  12 rats
  2 tentacles (Shoals:1)
1769 creatures vanquished.

Vanquished Creatures (others)
  A tentacled monstrosity (Zot:4)
  A ghost moth (Zot:5)
  A red draconian (Zot:4)
  A wizard (Vaults:4)
  A slime creature (Slime:5)
  A human (D:14)
  A chaos spawn (Depths:4)
  An iguana (D:5)
  13 tentacles
21 creatures vanquished.

Grand Total: 1790 creatures vanquished

Notes
Turn   | Place    | Note
-------+----------+-------------------------------------------
     0 | D:1      | Flugkiller the Deep Elf Fighter began the quest for the
                  | Orb.
     0 | D:1      | Reached XP level 1. HP: 13/13 MP: 3/3
   290 | D:1      | Reached XP level 2. HP: 7/18 MP: 4/4
   685 | D:1      | Found a faded altar of an unknown god.
   802 | D:1      | Reached XP level 3. HP: 18/22 MP: 5/5
  1697 | D:3      | Reached XP level 4. HP: 23/27 MP: 6/6
  2376 | D:3      | Reached skill level 1 in Dodging
  2965 | D:3      | Reached XP level 5. HP: 16/32 MP: 7/7
  3095 | D:4      | Reached skill level 3 in Fighting
  3348 | D:4      | Reached XP level 6. HP: 30/30 MP: 8/8
  3472 | D:4      | Reached skill level 5 in Dodging
  3646 | D:4      | Reached skill level 1 in Evocations
  4176 | D:5      | Entered Level 5 of the Dungeon
  4192 | D:5      | Reached XP level 7. HP: 41/41 MP: 9/9
  4272 | D:5      | Identified the +1 ring mail of Restlessness {+Blink rN+}
  4625 | D:5      | Found a staircase to the Ecumenical Temple.
  4717 | Temple   | Entered the Ecumenical Temple
  4724 | Temple   | Became a worshipper of Warmaster Okawaru
  5343 | D:6      | Reached skill level 1 in Invocations
  5451 | D:6      | Reached skill level 4 in Fighting
  5635 | D:6      | Reached XP level 8. HP: 48/48 MP: 11/11
  6024 | D:6      | Found a snail-covered altar of Cheibriados.
  6092 | D:6      | Reached * piety under Okawaru
  6927 | D:7      | Reached skill level 5 in Long Blades
  7338 | D:7      | Found a shadowy altar of Dithmenos.
  7455 | D:7      | Reached skill level 5 in Fighting
  7725 | D:7      | Found a basalt altar of Yredelemnul.
  8393 | D:8      | Reached XP level 9. HP: 32/54 MP: 14/14
  8398 | D:8      | Reached ** piety under Okawaru
  9149 | D:9      | Reached skill level 10 in Dodging
  9192 | D:9      | Reached skill level 6 in Fighting
  9365 | D:9      | Identified 2 scrolls of acquirement
  9365 | D:9      | Acquired a +4 scimitar of freezing
  9379 | D:9      | Noticed a tengu conjurer
  9392 | D:9      | Acquired the ring of the Komtur {Will+ EV+5 Str+3 Int-5}
  9479 | D:9      | Reached *** piety under Okawaru
  9616 | D:10     | Entered Level 10 of the Dungeon
  9648 | D:10     | Noticed a two-headed ogre
  9856 | D:10     | Killed an unseen horror
 10029 | D:10     | Reached XP level 10. HP: 60/60 MP: 15/15
 10099 | D:10     | Noticed a two-headed ogre
 10195 | D:9      | Noticed a tengu warrior
 10227 | D:9      | Killed a tengu warrior
 10227 | D:9      | Reached **** piety under Okawaru
 10441 | D:10     | Noticed a gargoyle
 10457 | D:10     | Killed a gargoyle
 10560 | D:10     | Killed a two-headed ogre
 10561 | D:10     | Reached skill level 10 in Long Blades
 10707 | D:10     | Reached ***** piety under Okawaru
 11020 | D:11     | Found a staircase to the Orcish Mines.
 11127 | D:11     | Reached skill level 5 in Shields
 11500 | D:11     | Gained mutation: You occasionally lose the ability to drink
                  | potions when taking damage. [potion of mutation]
 11501 | D:11     | Lost mutation: You occasionally lose the ability to drink
                  | potions when taking damage. [potion of mutation]
 11501 | D:11     | Gained mutation: You are agile. (Dex +4, Str/Int -1)
                  | [potion of mutation]
 11501 | D:11     | Gained mutation: You are partially covered in iridescent
                  | scales. (AC +2) [potion of mutation]
 11501 | D:11     | Gained mutation: You are covered in fur. (AC +1) [potion of
                  | mutation]
 11577 | D:11     | Reached XP level 11. HP: 66/66 MP: 16/16
 11726 | D:11     | Found a staircase to the Lair.
 11726 | D:11     | Noticed a death yak
 11726 | D:11     | Noticed a death yak
 11808 | D:11     | Received a gift from Okawaru
 11851 | D:11     | Noticed Grum
 11864 | D:11     | Killed Grum
 12053 | Lair:1   | Entered Level 1 of the Lair of Beasts
 12098 | Lair:1   | Reached skill level 7 in Fighting
 12152 | Lair:1   | Found a runed translucent door.
 12152 | Lair:1   | Found a shimmering altar of Xom.
 12152 | Lair:1   | Noticed Mostiny's ghost (journeyman TrFi)
 12152 | Lair:1   | Noticed a +4 flail of chaos
 12152 | Lair:1   | Found the +8 autumn katana {manifold assault}
 12675 | Lair:2   | Received a gift from Okawaru
 12697 | Lair:2   | Reached skill level 8 in Fighting
 12779 | Lair:2   | Reached skill level 5 in Invocations
 12835 | Lair:2   | Noticed an oklob plant
 13072 | Lair:2   | Received a gift from Okawaru
 13080 | Lair:2   | Reached XP level 12. HP: 56/73 MP: 18/18
 13263 | Lair:2   | Found a hole to the Spider Nest.
 13819 | Lair:3   | Received a gift from Okawaru
 14100 | Lair:3   | Reached skill level 10 in Invocations
 14225 | Lair:3   | Found a staircase to the Shoals.
 14227 | Lair:3   | Noticed a five-headed hydra
 14257 | Lair:3   | Received a gift from Okawaru
 14297 | Lair:3   | Noticed an eight-headed hydra
 14321 | Lair:3   | Killed a 15-headed hydra
 14978 | Lair:1   | Killed Mostiny's ghost
 15439 | Lair:4   | Reached skill level 9 in Fighting
 15439 | Lair:4   | Reached XP level 13. HP: 77/80 MP: 22/22
 15587 | Lair:5   | Entered Level 5 of the Lair of Beasts
 15715 | Lair:5   | Received a gift from Okawaru
 15922 | Lair:5   | Received a gift from Okawaru
 15939 | Lair:5   | Reached skill level 10 in Fighting
 16530 | Lair:5   | Received a gift from Okawaru
 16543 | Lair:5   | Reached ****** piety under Okawaru
 16548 | Lair:5   | Acquired a +1 antimagic double sword
 16548 | Lair:5   | Received a gift from Okawaru
 16945 | Lair:5   | Found a staircase to the Slime Pits.
 17115 | Lair:5   | Reached XP level 14. HP: 86/88 MP: 23/23
 17530 | D:11     | Received a gift from Okawaru
 17542 | D:11     | Found Icadghug's Armour Boutique.
 17548 | D:11     | Bought a +0 helmet for 63 gold pieces
 17838 | D:12     | Reached skill level 11 in Fighting
 17938 | D:12     | Noticed Psyche
 17944 | D:12     | Killed Psyche
 18099 | D:12     | Noticed Nessos
 18103 | D:12     | Noticed Nergalle
 18117 | D:12     | Killed Nergalle
 18120 | D:12     | Killed Nessos
 18430 | D:12     | Identified the +5 flail of Fate {drain, *Noise Str+2 Dex+3}
 19243 | D:14     | Noticed Frances
 19253 | Arena    | Entered the Arena
 19261 | Arena    | Killed Frances
 19559 | D:14     | Found the +18 Lear's hauberk
 19581 | D:14     | Reached skill level 12 in Fighting
 19904 | D:14     | Received a gift from Okawaru
 20042 | D:14     | Reached skill level 5 in Armour
 20466 | D:14     | Found a gate to the Vaults.
 20586 | D:14     | Received a gift from Okawaru
 20600 | D:15     | Entered Level 15 of the Dungeon
 20774 | D:15     | Found a shimmering altar of Xom.
 20979 | D:15     | Found Pasy's Mail-Order Catalogue.
 21056 | D:15     | Reached XP level 15. HP: 92/97 MP: 22/24
 21108 | D:15     | Received a gift from Okawaru
 21327 | D:15     | Found a staircase to the Depths.
 21605 | Orc:1    | Entered Level 1 of the Orcish Mines
 21725 | Orc:1    | Found Turhuonk's Jewellery Emporium.
 21944 | Orc:1    | Noticed Sonja
 21949 | Orc:1    | Paralysed by a floating eye for 2 turns
 21953 | Orc:1    | Killed Sonja
 22214 | Orc:1    | Reached skill level 13 in Fighting
 22257 | Orc:1    | Identified the +8 sling of Infinity {drain, Int+3 SInv}
 22320 | Orc:2    | Entered Level 2 of the Orcish Mines
 22417 | Orc:2    | Found a runed translucent door.
 22559 | Orc:1    | Received a gift from Okawaru
 22676 | Orc:2    | Found a staircase to the Elven Halls.
 22856 | Orc:2    | Found Ilyceqy's Book Emporium.
 22925 | Orc:2    | Found Neodghogo's General Store.
 22933 | Orc:2    | Bought a potion of cancellation for 96 gold pieces
 23205 | Orc:2    | Found Uqerow's Gadget Gallery.
 23310 | Orc:2    | Found Evauhys's Antique Weapon Boutique.
 23331 | Orc:2    | Found Qeluebe's Antique Armour Emporium.
 23493 | Orc:2    | Noticed disskorpion's ghost (journeyman VSGl)
 23750 | Shoals:1 | Entered Level 1 of the Shoals
 23900 | Shoals:1 | Received a gift from Okawaru
 24023 | Shoals:1 | Noticed Aizul
 24041 | Shoals:1 | Killed Aizul
 24252 | Shoals:1 | Acquired the +9 tower shield "Ahuvief" {Contam rElec rF+
                  | Dex+2}
 24252 | Shoals:1 | Received a gift from Okawaru
 24281 | Shoals:1 | Reached skill level 14 in Fighting
 24581 | Shoals:1 | Noticed a kraken
 24584 | Shoals:1 | Received a gift from Okawaru
 24605 | Shoals:1 | Killed a kraken
 24669 | Shoals:1 | Reached XP level 16. HP: 106/106 MP: 25/25
 24782 | Shoals:2 | Identified the +3 plate armour of Homiclaz {Str+4}
 24966 | Shoals:2 | Noticed Polyphemus
 25009 | Shoals:2 | Killed Polyphemus
 25440 | Shoals:2 | Received a gift from Okawaru
 25725 | Shoals:3 | Reached skill level 1 in Spellcasting
 26239 | Shoals:3 | Received a gift from Okawaru
 26514 | Arena    | Entered the Arena
 26533 | Shoals:3 | Reached skill level 10 in Armour
 26545 | Shoals:3 | Reached skill level 5 in Spellcasting
 26668 | Shoals:4 | Entered Level 4 of the Shoals
 26753 | Shoals:4 | Received a gift from Okawaru
 26973 | Shoals:4 | Reached skill level 10 in Shields
 27279 | Shoals:4 | Paralysed by a formless jellyfish for 1 turns
 27454 | Shoals:4 | Reached XP level 17. HP: 111/111 MP: 27/27
 27796 | Shoals:4 | Paralysed by a formless jellyfish for 1 turns
 28314 | Shoals:4 | Got a barnacled rune of Zot
 28843 | Spider:1 | Entered Level 1 of the Spider Nest
 28858 | Spider:1 | Received a gift from Okawaru
 29056 | Spider:1 | Gained mutation: You are occasionally teleported next to
                  | monsters. [mutagenic glow]
 29447 | Spider:1 | Received a gift from Okawaru
 29654 | Spider:1 | HP: 4/111 [something (4)]
 29953 | Spider:1 | Noticed Rupert
 30174 | Spider:1 | Killed Rupert
 30175 | Spider:1 | Reached skill level 10 in Spellcasting
 30337 | Spider:1 | Identified the +3 falchion of False Accusations {vamp, rN+
                  | Int+2}
 31202 | Spider:3 | Received a gift from Okawaru
 31697 | Spider:3 | Noticed Arachne
 31722 | Spider:3 | Killed Arachne
 32553 | Spider:3 | Noticed Donald
 32572 | Spider:3 | Killed Donald
 32572 | Spider:3 | Received a gift from Okawaru
 32798 | Spider:3 | Noticed Mara
 32818 | Spider:3 | Noticed Flugkiller's illusion
 33177 | Spider:3 | Noticed Flugkiller's illusion
 33691 | Spider:4 | Entered Level 4 of the Spider Nest
 33885 | Spider:4 | Reached XP level 18. HP: 87/116 MP: 26/34
 34778 | Spider:4 | Received a gift from Okawaru
 36110 | Spider:4 | Got a gossamer rune of Zot
 36163 | Spider:4 | Identified the +2 pair of boots "Tysa" {rF- Str+4 Int+2}
 36489 | Vaults:1 | Entered Level 1 of the Vaults
 36513 | D:14     | Received a gift from Okawaru
 36878 | D:14     | Reached skill level 15 in Shields
 37730 | Vaults:1 | Received a gift from Okawaru
 37780 | Vaults:1 | Identified the +5 morningstar of the Neverending Loafs
                  | {heavy, rF+}
 38285 | Vaults:1 | Found Tucru's Weapon Shoppe.
 38591 | Vaults:1 | Found Hiul Nuth's Jewellery Boutique.
 38689 | Vaults:1 | Identified the +5 hand axe of Harmony {flame, rElec rCorr
                  | Str-4}
 39061 | Vaults:2 | Reached XP level 19. HP: 106/123 MP: 30/35
 39089 | Vaults:2 | Received a gift from Okawaru
 39106 | Vaults:2 | Reached skill level 15 in Fighting
 40118 | Vaults:2 | Received a gift from Okawaru
 41410 | Vaults:3 | Received a gift from Okawaru
 41411 | Vaults:3 | Reached skill level 16 in Fighting
 41998 | Vaults:3 | Found a staircase to the Crypt.
 42056 | Vaults:3 | Identified the +0 buckler of Xokierch {Regen+ Dex+4}
 42412 | Vaults:4 | Received a gift from Okawaru
 42483 | Vaults:4 | Got a murmuring book
 42615 | Vaults:4 | Identified the +3 great mace "Ocseah" {flame, Str+2}
 42622 | Vaults:4 | Found a transporter.
 42623 | Vaults:4 | Noticed Nizokhlo's ghost (veteran DrCj)
 42679 | Vaults:4 | Reached XP level 20. HP: 125/132 MP: 36/36
 43111 | Vaults:4 | Noticed Margery
 43144 | Vaults:4 | Killed Margery
 43174 | Vaults:4 | Received a gift from Okawaru
 43594 | Arena    | Entered the Arena
 43981 | Depths:1 | Entered Level 1 of the Depths
 44201 | Depths:1 | Noticed a juggernaut
 44230 | Depths:1 | Killed a juggernaut
 44231 | Depths:1 | Reached skill level 17 in Fighting
 44239 | Depths:1 | Received a gift from Okawaru
 44611 | Depths:1 | Identified the +3 morningstar of the Old World {drain, rC+
                  | Will+ Int+2}
 44672 | Depths:1 | Noticed a juggernaut
 44674 | Depths:1 | Found a runed translucent door.
 44674 | Depths:1 | Found a runed translucent door.
 44687 | Depths:1 | Identified the +6 shortbow of Otir {flame, Int+4}
 44690 | Depths:1 | Identified the +6 whip of Absolution {freeze, Drain rPois
                  | Str+4 SInv}
 44753 | Depths:1 | Found a hide-covered altar of Uskayaw.
 44808 | Depths:1 | Identified the +2 helmet of Nacocat {*Slow Str+5 Dex+4}
 45100 | Depths:1 | Found a runed translucent door.
 45216 | Depths:1 | Found a gateway to Hell.
 45421 | Depths:2 | Found a one-way gateway to a ziggurat.
 45502 | Depths:2 | Received a gift from Okawaru
 45589 | Arena    | Entered the Arena
 46002 | Depths:2 | Found the ring of the Tortoise {AC+8}
 46002 | Depths:2 | Found the +9 sword of Zonguldrok {reap}
 46022 | Depths:2 | Identified the ring "Ycsidghe" {EV+5 Str+4 Int+7}
 46029 | Depths:2 | Reached skill level 18 in Fighting
 46033 | Depths:2 | Reached XP level 21. HP: 52/141 MP: 5/37
 46036 | Depths:2 | Found a burning altar of Makhleb.
 46044 | Depths:2 | Identified the ring "Pacw" {Ice rElec rPois Dex-5}
 46046 | Depths:2 | Identified the +1 robe of the Moon {Harm rElec rF+}
 46260 | Depths:2 | Got a clothbound book
 46299 | Depths:2 | Received a gift from Okawaru
 46913 | Depths:3 | Paralysed by something for 5 turns
 47226 | Depths:3 | Found a one-way gate to the infinite horrors of the Abyss.
 47362 | Depths:3 | Noticed a golden dragon
 47668 | Depths:3 | Killed a golden dragon
 47688 | Depths:3 | Noticed a juggernaut
 47924 | Depths:3 | Noticed a caustic shrike
 47987 | Depths:2 | Found a one-way gate leading to the halls of Pandemonium.
 48161 | Depths:2 | Received a gift from Okawaru
 48803 | Depths:2 | Identified the ring "Suilurph" {rN+ Int+3 Stlth+}
 48924 | Depths:4 | Entered Level 4 of the Depths
 49092 | Depths:4 | Noticed a caustic shrike
 49101 | Depths:4 | Killed a caustic shrike
 49104 | Depths:4 | Noticed a caustic shrike
 49104 | Depths:4 | Noticed a caustic shrike
 49104 | Depths:4 | Noticed a caustic shrike
 49105 | Depths:4 | Noticed a caustic shrike
 49130 | Arena    | Entered the Arena
 49132 | Arena    | Killed a caustic shrike
 49155 | Depths:4 | Killed a caustic shrike
 49158 | Depths:4 | Killed a caustic shrike
 49277 | Depths:4 | Killed a caustic shrike
 49387 | Depths:4 | Noticed a golden dragon
 49406 | Depths:4 | Killed a golden dragon
 49407 | Depths:4 | Reached skill level 19 in Fighting
 49447 | Arena    | Entered the Arena
 50109 | Depths:4 | Noticed a juggernaut
 50176 | Depths:4 | Identified the ring of Attitude {Ice Contam rPois Str-3
                  | Slay+6}
 50176 | Depths:4 | Noticed Josephina
 50197 | Depths:4 | Killed Josephina
 50821 | Depths:4 | Found a gate to the Realm of Zot.
 50873 | Depths:4 | Killed a juggernaut
 51141 | Vaults:1 | Bought the amulet "Duwnucry" {Spirit rPois rN+++ rCorr
                  | Str-3} for 922 gold pieces
 51468 | Slime:1  | Entered Level 1 of the Pits of Slime
 51490 | Slime:1  | Reached XP level 22. HP: 150/150 MP: 38/38
 51509 | Slime:1  | Received a gift from Okawaru
 51781 | Slime:4  | Gained mutation: Your magical capacity is low. (-10% MP) [a
                  | shining eye]
 51788 | Slime:4  | Lost mutation: You are agile. (Dex +4, Str/Int -1) [a
                  | shining eye]
 51793 | Slime:4  | Gained mutation: Your magical capacity is very low. (-20%
                  | MP) [a shining eye]
 51809 | Slime:5  | Entered Level 5 of the Pits of Slime
 51861 | Slime:4  | Reached skill level 20 in Fighting
 51978 | Slime:4  | Gained mutation: You are clumsy. (Dex -2) [a shining eye]
 52035 | Slime:5  | Reached skill level 15 in Dodging
 52402 | Slime:5  | Gained mutation: You are very clumsy. (Dex -4) [a shining
                  | eye]
 52434 | Slime:5  | Received a gift from Okawaru
 52549 | Slime:5  | Noticed the Royal Jelly
 52556 | Arena    | Entered the Arena
 52583 | Arena    | Killed the Royal Jelly
 52948 | Slime:5  | Identified the +6 trident of Animal Spirits {venom, rPois}
 52954 | Slime:5  | Got a slimy rune of Zot
 52964 | Slime:5  | Identified the +7 flail "Ytuw" {heavy, *Slow rElec rF+++
                  | SInv}
 52975 | Slime:5  | Got a sooty book
 52996 | Slime:5  | Got a conspicuous book
 53010 | Slime:5  | Identified the amulet of the Fifty Gods {Spirit Harm rPois
                  | Regen+}
 53050 | Slime:5  | Identified the +8 double sword "Codoqicu" {heavy, rC+
                  | Stlth+}
 53059 | Slime:5  | Identified the ring "Fecotae" {Fly rPois rF+ Will- Str+5}
 53065 | Slime:5  | Identified the +0 leather armour of Tyxtiynk {rC++ Will+
                  | Int+2}
 53407 | D:15     | Bought the +7 lajatang of Order {silver, rMut} for 1126
                  | gold pieces
 53407 | D:15     | Found the +7 lajatang of Order {silver, rMut}
 53485 | D:15     | Lost mutation: You are occasionally teleported next to
                  | monsters. [potion of mutation]
 53485 | D:15     | Lost mutation: You are very clumsy. (Dex -4) [potion of
                  | mutation]
 53485 | D:15     | Gained mutation: You have hidden genetic potential. [potion
                  | of mutation]
 53485 | D:15     | Gained mutation: You are robust. (+10% HP) [potion of
                  | mutation]
 53642 | Zot:1    | Entered Level 1 of the Realm of Zot
 53843 | Zot:1    | Noticed a golden dragon
 54132 | Depths:4 | Killed a golden dragon
 55311 | Zot:1    | Received a gift from Okawaru
 55312 | Zot:1    | Noticed a golden dragon
 55329 | Zot:1    | Killed a golden dragon
 56311 | Zot:4    | Reached XP level 23. HP: 153/171 MP: 28/31
 56914 | Zot:4    | Received a gift from Okawaru
 58331 | Zot:4    | Received a gift from Okawaru
 58798 | Zot:4    | Reached skill level 15 in Long Blades
 59214 | Zot:5    | Entered Level 5 of the Realm of Zot
 59502 | Zot:5    | Gained mutation: Your mind is acute. (Int +4, Str/Dex -1)
                  | [hidden potential]
 60277 | Zot:5    | Noticed a dread lich
 60286 | Zot:5    | Noticed a dread lich
 60306 | Zot:5    | Killed a dread lich
 60317 | Zot:5    | Noticed a dread lich
 60356 | Zot:5    | Killed a dread lich
 60383 | Zot:5    | Killed a dread lich
 60383 | Zot:5    | Received a gift from Okawaru
 60586 | Zot:5    | Noticed an orb of fire
 60603 | Zot:5    | Killed an orb of fire
 60607 | Zot:5    | Noticed an orb of fire
 60620 | Zot:5    | Noticed an orb of fire
 60633 | Zot:5    | Killed an orb of fire
 60633 | Zot:5    | Noticed an orb of fire
 60644 | Zot:5    | Killed an orb of fire
 60650 | Zot:5    | Gained mutation: You are very clumsy. (Dex -4) [an orb of
                  | fire]
 60652 | Zot:5    | Killed an orb of fire
 60915 | Zot:5    | Noticed a Killer Klown
 60934 | Arena    | Entered the Arena
 61008 | Zot:5    | Killed a Killer Klown
 61276 | Zot:5    | Reached XP level 24. HP: 175/180 MP: 1/31
 61663 | Zot:4    | Received a gift from Okawaru
 61783 | Zot:5    | Noticed a Killer Klown
 61799 | Zot:5    | Killed a Killer Klown
 61830 | Zot:5    | Noticed an ancient lich
 61856 | Zot:5    | Killed an ancient lich
 61952 | Zot:5    | Noticed an ancient lich
 61966 | Zot:5    | Killed an ancient lich
 61969 | Zot:5    | Noticed a dread lich
 61982 | Zot:5    | Killed a dread lich
 62001 | Zot:5    | Noticed a Killer Klown
 62040 | Zot:5    | Killed a Killer Klown
 62091 | Zot:5    | Noticed an orb of fire
 62091 | Zot:5    | Gained mutation: Your body sometimes deteriorates upon
                  | taking damage. [an orb of fire]
 62107 | Zot:5    | Lost mutation: You are robust. (+10% HP) [an orb of fire]
 62128 | Zot:5    | Gained mutation: Your body often deteriorates upon taking
                  | damage. [an orb of fire]
 62132 | Zot:5    | Lost mutation: You have hidden genetic potential. [an orb
                  | of fire]
 62133 | Zot:5    | Killed an orb of fire
 62134 | Zot:5    | Reached skill level 21 in Fighting
 62373 | Zot:5    | Received a gift from Okawaru
 62479 | Zot:5    | Noticed an orb of fire
 62481 | Zot:5    | Gained mutation: Your magical capacity is extremely low.
                  | (-30% MP) [an orb of fire]
 62491 | Zot:5    | Gained mutation: You occasionally lose the ability to read
                  | scrolls when taking damage. [an orb of fire]
 62501 | Zot:5    | Gained mutation: Your spells are a little easier to cast,
                  | but a little less powerful. [an orb of fire]
 62509 | Zot:5    | Gained mutation: You sometimes lose your temper in combat.
                  | [an orb of fire]
 62516 | Zot:5    | Killed an orb of fire
 63000 | Zot:5    | Got the Orb of Zot
 63005 | Zot:5    | Noticed a dread lich
 63016 | Zot:5    | Killed a dread lich
 63255 | Depths:2 | Gained mutation: You are weak. (Str -2) [a cacodemon]
 63766 | D:1      | gg
 63767 | D:$      | Escaped with the Orb!

Illustrated notes

#.....>...#
#~..~~P♣P~~P♣~
##.########
#~P♣~~.P.~~..~ #.#
#~P♣~~♣♣P~~♣P~ #)#
#~♣♣~~♣.P~~♣♣~ #.#
#~.♣~~P.P~~P♣~ #.#
#####~PP~~~~~~~♣♣~
#.#
#...#~♣♣~.....~P.~
#.#
#...#~~~~.###.~~~~
#.#
#@..'.....#§#.....
#.#
#...#~~~~.###.~~~~
#.#
#...#~♣P~.....~♣P~
#.#
#####~♣.~~~~~~~PP~
#.# #~♣P~~P♣P~~P♣~
#.# #~PP~~PP.~~♣P~
#.# #~♣♣~~P..~~.♣~
#.#
#####~♣♣~~PP♣~~♣P~
#.#
#...#~PP~~PPP~~.♣~


Turn 63766 on D:1: gg

Levels and vault maps discovered:
D:1:      lightli_arrival_farm, layout_loops_ring,
          shapermc_ecumenical_altar_pompeii, amcnicky_mini_corridor_feature,
          nicolae_hexahallways
D:2:      layout_rooms, minmay_split_cup_small
D:3:      layout_loops_corners, dk_noncrumbling_4
D:4:      minmay_spotlight, layout_loops_ring, serial_demonic, serial_demonic_d,
          serial_demonic_f, serial_demonic_a, serial_demonic_e,
          minmay_misc_feat_tower, hangedman_decor_push
D:5:      layout_loops_corners, minmay_temple_entry_statues
D:6:      layout_layer_cave, mainiacjoe_overflow_24_doors
D:7:      nicolae_BIG_FREAKIN_CUBE, layout_cave_pools,
          nicolae_dithmenos_the_darkroom, mainiacjoe_overflow_brackets,
          lemuel_flame_loot_1
D:8:      layout_basic
D:9:      layout_layer_cave
D:10:     layout_loops_cross
D:11:     layout_loops_corners, dpeg_lair_monsters, erik_orc_3, serial_shops,
          shop, minivault_23, uniq_grum
D:12:     layout_roguey, uniq_nergalle, uniq_nessos, uniq_psyche
D:13:     layout_irregular_city
D:14:     layout_long_grid, ximxim_vaults_locker_room,
          hellmonk_guarded_unrand_lears, uniq_frances
D:15:     grunt_enter_depths_hoard, layout_irregular_city, serial_column_ruins,
          column_ruins_circle_medium, column_ruins_open_tiny_water,
          column_ruins_columns_straight, column_ruins_columns_corner,
          column_ruins_grid_1, column_ruins_corridor_straight,
          column_ruins_columns_dead_end, column_ruins_columns_dead_end,
          xom_teletrap_fun, monkooky_shop_mail_order
Temple:   hellmonk_temple_of_storms
Lair:1:   layout_big_grid, ebering_ghost_xom, dreamdust_gnoll_shepherd
Lair:2:   layout_roguey, nicolae_spider_entry_non_spiders
Lair:3:   layout_loops_ring, minmay_shoals_entry_centaurs
Lair:4:   layout_loops_ring
Lair:5:   minmay_lair_end_frog_pond, layout_regular_city, slime_entry_1
Shoals:1: layout_shoals, uniq_aizul
Shoals:2: layout_shoals, uniq_polyphemus
Shoals:3: layout_shoals, nicolae_shoals_enchanted_isle
Shoals:4: shoals_end_grunt_ice, layout_shoals
Spider:1: nicolae_spider_hall_of_the_moth_king, uniq_rupert
Spider:2: layout_cave_pods
Spider:3: layout_chambers, nicolae_spider_eight_legs, uniq_mara, uniq_arachne,
          uniq_donald
Spider:4: hellmonk_spider_rune_bug_friends
Slime:1:  layout_caves, cheibrodos_slime_lost_civilization_6
Slime:2:  layout_caves
Slime:3:  layout_caves
Slime:4:  layout_caves
Slime:5:  slime_pit
Orc:1:    hellmonk_paralyzer, layout_diamond_mine,
          minmay_shop_enchanted_jewellery, uniq_sonja
Orc:2:    grunt_orc_gardens, layout_caves, grunt_orc_garden, grunt_orc_garden,
          grunt_orc_garden, grunt_orc_garden, ebering_ghost_reflecting_pool,
          nicolae_shop_gadgets
Vaults:1: nicolae_vaults_more_shelving_2, vaults_room_hallway,
          nicolae_vaults_what_the_h, vaults_room_corners,
          hangedman_vaults_stretched_pinwheel, hangedman_vaults_capsules,
          nicolae_vaults_know_your_exits, nicolae_vaults_closet_pinwheel_6,
          nicolae_vaults_sesquioval_fish, layout_vaults_omnigrid, serial_shops,
          nicolae_shop_tiny_real_fake_doors, nicolae_shop_hallway_plus
Vaults:2: nicolae_vaults_big_ls, ontoclasm_vaults_ring_small,
          hangedman_vaults_stagger, nicolae_vaults_little_squares_6,
          hangedman_vaults_stitches, nicolae_vaults_triangles,
          nicolae_vaults_network_barrier, st_more_cells,
          nicolae_vaults_shelves_hall, ontoclasm_vaults_loading_screen,
          ontoclasm_vaults_fault, vaults_mumra_hexcomb,
          nicolae_vaults_octothorpe, layout_vaults_maze_bifur
Vaults:3: hangedman_vaults_corner_blocks, nicolae_vaults_trapezoid_lopsided_4,
          ontoclasm_vaults_decontamination, ontoclasm_vaults_gateway, v_misc_23,
          v_misc_17, v_pattern_5, minmay_crypt_entry_simple_corners,
          nicolae_vaults_circle_grid_b, hangedman_vaults_cutoff,
          nicolae_vaults_tangram_2, vaults_room_pools, v_rooms_4, v_misc_15,
          nicolae_vaults_diamond_1, nicolae_vaults_weapon_check,
          layout_vaults_omnicross
Vaults:4: gammafunk_ghost_smash, nicolae_vaults_thirteen_compartments,
          v_rooms_1, nicolae_vaults_hexular_roomagon,
          nicolae_vaults_tetromino_Z_2, nicolae_vaults_little_ls,
          nicolae_vaults_tetromino_L_1, hangedman_vaults_maws,
          nicolae_vaults_storage_closets_2, nicolae_vaults_storage_closets_3,
          layout_vaults_omnibox, uniq_margery
Depths:1: minmay_the_grid_four_pointed_star
          [minmay_the_grid_triangle_9x9_fully_insulated_deathbox,
          minmay_the_grid_triangle_9x9_longest,
          minmay_the_grid_triangle_9x9_cache,
          minmay_the_grid_triangle_9x9_intruding_spiral,
          minmay_the_grid_prize_diamond_cup], layout_cave_pools,
          lightli_too_deep, kennysheep_path_1, kennysheep_small_circle,
          serial_bayou_shore_b, serial_bayou_shore_b
Depths:2: evilmike_makhleb_hellhole, layout_twisted_cross, enter_ziggurat_b,
          nicolae_zig_zag_zippers, rand_demon_pan_entry_5,
          grunt_hell_entry_dis_grunt, hangedman_aviary
Depths:3: evilmike_inaccessible_box, layout_basic, hell_entry,
          hangedman_abyss_entry_splay
Depths:4: grunt_zot_entry_gee_three, layout_cave_pools, pf_dread_powers_of_hell,
          abyss_entry_crystal, grunt_pan_entry_sceptre, uniq_josephina
Zot:1:    layout_twisted_circle, drop_trap
Zot:2:    evilmike_crystal_ball_defense, layout_twisted_circle,
          nicolae_diode_intersection
Zot:3:    layout_misc_corridors
Zot:4:    lemuel_draconian_sentries, layout_gridlike
Zot:5:    layout_misc_corridors, st_stairs_2

Skill      XL: |  1  2  3  4  5  6  7  8  9 10 11 12 13 14 15 16 17 18 19 20 21 22 23 24 |
---------------+-------------------------------------------------------------------------+-----
Long Blades    | 2 3 4 6 8 10 12 13 14 16 | 16.0
Dodging        | 2 4 6 8 10 11 13 14 20 | 20.0
Fighting       | 3 4 5 6 8 9 10 12 14 16 18 19 20 21 | 21.9
Evocations     | 2 3 |  3.0
Invocations    | 2 4 6 10 12 | 12.0
Shields        | 5 7 10 13 15 17 18 20 | 20.0
Armour         | 6 8 11 12 14 | 14.0
Spellcasting   | 5 10 | 10.0

Action                     |  1- 3 |  4- 6 |  7- 9 | 10-12 | 13-15 | 16-18 | 19-21 | 22-24 || total
---------------------------+-------+-------+-------+-------+-------+-------+-------+-------++-------
  Melee: Long sword        |    91 |       |       |       |       |       |       |       ||    91
         Short sword       |    68 |   337 |   794 |       |       |       |       |       ||  1199
         Unarmed           |       |     9 |       |       |       |       |       |       ||     9
         Scimitar          |       |       |    55 |   639 |       |       |       |       ||   694
         Katana            |       |       |       |    33 |  1419 |  2410 |  2524 |  3084 ||  9470
  Throw: Dart              |       |       |       |       |     6 |    12 |     3 |       ||    21
         Throwing net      |       |       |       |       |       |       |       |     2 ||     2
 Invoke: Heroism           |       |       |     1 |     4 |     7 |     8 |    17 |    18 ||    55
         Finesse           |       |       |       |     2 |     3 |     1 |     4 |     6 ||    16
         Receive Weapon    |       |       |       |       |     1 |       |       |       ||     1
         Duel              |       |       |       |       |     1 |     1 |     4 |     2 ||     8
         Receive Armour    |       |       |       |       |     1 |       |       |       ||     1
  Evoke: Wand              |       |     8 |     4 |    13 |    11 |    13 |     8 |    14 ||    71
         Phial of floods   |       |       |       |       |     1 |     2 |     1 |     1 ||     5
    Use: Scroll            |       |     7 |     9 |     8 |    11 |    13 |     8 |    16 ||    72
         Potion            |       |     2 |     4 |     7 |     4 |    14 |    15 |    28 ||    74
   Stab: Distracted        |       |       |     1 |     1 |       |       |       |       ||     2
         Sleeping          |       |       |     1 |     2 |       |       |       |       ||     3
         Petrified         |       |       |       |       |       |    11 |       |       ||    11
         Petrifying        |       |       |       |       |       |     1 |       |       ||     1
         Confused          |       |       |       |       |       |       |       |    10 ||    10
         Invisible         |       |       |       |       |       |       |       |     4 ||     4
 Armour: Scale mail        |    93 |   178 |    12 |       |       |       |       |       ||   283
         Skin              |       |    20 |    37 |    50 |       |       |       |       ||   107
         Ring mail         |       |       |   226 |       |       |       |       |       ||   226
         Acid dragon scale |       |       |    52 |   211 |   120 |       |       |       ||   383
         Chain mail        |       |       |       |       |   322 |  1286 |   579 |   953 ||  3140
  Dodge: Dodged            |    55 |   143 |   358 |   511 |   748 |  1483 |   652 |   766 ||  4716
  Block: Buckler           |    31 |    59 |   123 |   171 |   313 |   670 |       |       ||  1367
         Tower shield      |       |       |       |       |       |   549 |  2246 |  2565 ||  5360

Table legend: (Time is in decaauts)
 A = Elapsed time spent in this place.
 B = Non-inter-level travel time spent in this place.
 C = Inter-level travel time spent in this place.
 D = Time resting spent in this place.
 E = Time spent auto-exploring this place.
 F = Levels seen in this place.
 G = Mean time per level.
                   A        B        C        D        E       F      G
               +--------+--------+--------+--------+--------+-----+--------+
         Total |  60992 |  56938 |   4054 |  18266 |  23359 |  57 | 1070.0 |
       Dungeon |  17925 |  16024 |   1901 |   3610 |   8646 |  15 | 1195.0 |
        Temple |     14 |      2 |     12 |      0 |      0 |   1 |   14.0 |
          Lair |   5364 |   4735 |    629 |    954 |   2324 |   5 | 1072.8 |
        Shoals |   4988 |   4754 |    234 |   1584 |   1839 |   4 | 1247.0 |
   Spider Nest |   7121 |   6929 |    192 |   3188 |   2450 |   4 | 1780.2 |
    Slime Pits |   1512 |   1490 |     22 |    554 |    217 |   5 |  302.4 |
  Orcish Mines |   1951 |   1840 |    111 |    280 |    913 |   2 |  975.5 |
        Vaults |   6498 |   6017 |    481 |   1300 |   3289 |   4 | 1624.5 |
        Depths |   7155 |   6811 |    344 |   2765 |   2305 |   4 | 1788.8 |
           Zot |   8322 |   8197 |    125 |   4019 |   1375 |   5 | 1664.4 |
         Arena |    138 |    138 |      0 |     10 |      0 |   8 |   17.2 |
               +--------+--------+--------+--------+--------+-----+--------+

Top non-repeatable levels by time:
   Zot:4: 3671 daAuts
   Zot:5: 2887 daAuts
Depths:4: 2328 daAuts
Spider:3: 2289 daAuts
    D:14: 2184 daAuts
Depths:2: 2049 daAuts
Spider:4: 1989 daAuts
Vaults:2: 1870 daAuts
Vaults:1: 1837 daAuts
    D:11: 1681 daAuts
Shoals:3: 1676 daAuts
     D:6: 1648 daAuts
   Zot:1: 1634 daAuts
Spider:1: 1618 daAuts
Vaults:4: 1542 daAuts
